NTL
WATERTOWN BUCKS @ ABERDEEN PHEASANTS
07/02/1982
 
TOP OF THE 1ST
Watertown Bucks batting - Pitching for Aberdeen Pheasants : RHP Mark Knudson
Pitching: RHP Mark Knudson
Batting: SHB Luis Rivera 0-0: Ball
1-0: Swinging Strike
1-1: Ball
2-1: Foul Ball, location: 2F
2-2: Ball
3-2: Base on Balls
Batting: RHB Robert Tanzi 0-0: Ball
1-0: Ball
2-0: Fly out, F6 (Popup, 6M, EV 66.3 MPH)
Batting: RHB Randy Hunt 0-0: Ball
1-0: Grounds into double play, 4-6-3 (Groundball, 4, EV 91.3 MPH)
Top of the 1st over - 0 runs, 0 hits, 0 errors, 0 left on base; Watertown 0 - Aberdeen 0
BOTTOM OF THE 1ST
Aberdeen Pheasants batting - Pitching for Watertown Bucks : RHP Tony Valenzuela
Pitching: RHP Tony Valenzuela
Batting: LHB Bob Porter 0-0: Ball
1-0: Ground out U3 (Groundball, 34, EV 111.3 MPH)
Batting: RHB Greg Howe 0-0: Called Strike
0-1: Fly out, F5 (Flyball, 5D, EV 89.4 MPH)
Batting: LHB Sergio Leija 0-0: SINGLE (Groundball, 6MD, EV 93.8 MPH)
Batting: LHB Robert McNair 0-0: Ball
1-0: Called Strike
1-1: Reached on error, E4 (Groundball, 4S, EV 89.4 MPH)
Sergio Leija to third
Batting: RHB Harry McCulla 0-0: Ball
1-0: Called Strike
1-1: Ball
2-1: Ball
3-1: Base on Balls
Batting: RHB Pedro Chavez 0-0: Ball
1-0: Ball
2-0: Called Strike
2-1: Fly out, F9 (Flyball, 89M, EV 86.3 MPH)
Bottom of the 1st over - 0 runs, 1 hit, 1 error, 3 left on base; Watertown 0 - Aberdeen 0
TOP OF THE 2ND
Watertown Bucks batting - Pitching for Aberdeen Pheasants : RHP Mark Knudson
Batting: RHB Richard Plautz 0-0: Fly out, F7 (Flyball, 78S, EV 92.5 MPH)
Batting: LHB Bryan Neal 0-0: Called Strike
0-1: Ball
1-1: Called Strike
1-2: Fly out, F8 (Flyball, 8RS, EV 76.9 MPH)
Batting: RHB Eugene Cattane 0-0: Ball
1-0: Ground out 3-1 (Groundball, 34S, EV 80.6 MPH)
Top of the 2nd over - 0 runs, 0 hits, 0 errors, 0 left on base; Watertown 0 - Aberdeen 0
BOTTOM OF THE 2ND
Aberdeen Pheasants batting - Pitching for Watertown Bucks : RHP Tony Valenzuela
Batting: RHB Alejandro Luna 0-0: Ball
1-0: Ball
2-0: Called Strike
2-1: Foul Ball, location: 2F
2-2: Ball
3-2: Foul Ball, location: 2F
3-2: Foul Ball, location: 2F
3-2: Foul Ball, location: 2F
3-2: Ground out 5-3 (Groundball, 56S, EV 68.8 MPH)
Batting: RHB Armando Ramirez 0-0: Ball
1-0: SINGLE (Flyball, 78S, EV 93.8 MPH)
Batting: RHB Diego Martinez 0-0: Ball
1-0: Ball
2-0: Ball
3-0: Base on Balls
Armando Ramirez to second
Batting: LHB Bob Porter 0-0: Ball
1-0: Ball
2-0: Fielders Choice at 2nd, 4-6 (Groundball, 34D, EV 91.3 MPH)
Armando Ramirez to third
Batting: RHB Greg Howe 0-0: Ball
1-0: Ball
2-0: Foul Ball, location: 2F
2-1: Fly out, F8 (Flyball, 8RD, EV 79.4 MPH)
Bottom of the 2nd over - 0 runs, 1 hit, 0 errors, 2 left on base; Watertown 0 - Aberdeen 0
TOP OF THE 3RD
Watertown Bucks batting - Pitching for Aberdeen Pheasants : RHP Mark Knudson
Batting: LHB Greg Guin 0-0: Ball
1-0: Ground out U3 (Groundball, 3, EV 83.8 MPH)
Batting: RHB Thomas Dimino 0-0: Swinging Strike
0-1: Ball
1-1: Ball
2-1: Called Strike
2-2: Ball
3-2: Strikes out looking
Batting: LHB Manuel Vigil 0-0: Fly out, F6 (Flyball, 6D, EV 78.1 MPH)
Top of the 3rd over - 0 runs, 0 hits, 0 errors, 0 left on base; Watertown 0 - Aberdeen 0
BOTTOM OF THE 3RD
Aberdeen Pheasants batting - Pitching for Watertown Bucks : RHP Tony Valenzuela
Batting: LHB Sergio Leija 0-0: Ball
1-0: Foul Ball, location: 2F
1-1: Ground out 4-3 (Groundball, 4, EV 84.4 MPH)
Batting: LHB Robert McNair 0-0: Ball
1-0: Called Strike
1-1: Foul Ball, location: 2F
1-2: Ball
2-2: Fly out, F3 (Popup, 3SF, EV 65.6 MPH)
Batting: RHB Harry McCulla 0-0: Ground out 3-1 (Groundball, 34S, EV 68.1 MPH)
Bottom of the 3rd over - 0 runs, 0 hits, 0 errors, 0 left on base; Watertown 0 - Aberdeen 0
TOP OF THE 4TH
Watertown Bucks batting - Pitching for Aberdeen Pheasants : RHP Mark Knudson
Batting: SHB Luis Rivera 0-0: Ball
1-0: Fly out, F7 (Flyball, 78D, EV 97.5 MPH)
Batting: RHB Robert Tanzi 0-0: SINGLE (Groundball, 4M, EV 108.8 MPH) (infield hit)
Batting: RHB Randy Hunt 0-0: Ball
1-0: Ball
2-0: Ball
3-0: Base on Balls
Robert Tanzi to second
Batting: RHB Richard Plautz 0-0: Ball
1-0: Called Strike
1-1: Foul Ball, location: 2F
1-2: Foul Ball, location: 2F
1-2: Foul Ball, location: 2F
1-2: Ball
2-2: Strikes out looking
Batting: LHB Bryan Neal 0-0: Ball
1-0: Foul Ball, location: 2F
1-1: Called Strike
1-2: Foul Ball, location: 2F
1-2: Foul Ball, location: 2F
1-2: Ground out U3 (Groundball, 3, EV 86.3 MPH)
Top of the 4th over - 0 runs, 1 hit, 0 errors, 2 left on base; Watertown 0 - Aberdeen 0
BOTTOM OF THE 4TH
Aberdeen Pheasants batting - Pitching for Watertown Bucks : RHP Tony Valenzuela
Batting: RHB Pedro Chavez 0-0: Ball
1-0: Called Strike
1-1: Ball
2-1: DOUBLE (Groundball, 5L, EV 99.4 MPH)
Batting: RHB Alejandro Luna 0-0: Ball
1-0: Called Strike
1-1: Foul Ball, location: 2F
1-2: SINGLE (Line Drive, 5D, EV 105.0 MPH)
Pedro Chavez to third
Runner from 3rd tries for Home, SAFE, throw by LF to home
Batting: RHB Armando Ramirez 0-0: Ball
1-0: Ball
2-0: Swinging Strike
2-1: Grounds into double play, 6-4-3 (Groundball, 6, EV 106.3 MPH)
Batting: RHB Diego Martinez 0-0: Ball
1-0: SINGLE (Line Drive, 5D, EV 108.1 MPH)
Batting: LHB Bob Porter 0-0: Ball
1-0: Called Strike
1-1: Called Strike
1-2: Ball
2-2: Fly out, F6 (Flyball, 6D, EV 90.0 MPH)
Bottom of the 4th over - 1 run, 3 hits, 0 errors, 1 left on base; Watertown 0 - Aberdeen 1
TOP OF THE 5TH
Watertown Bucks batting - Pitching for Aberdeen Pheasants : RHP Mark Knudson
Batting: RHB Eugene Cattane 0-0: Ball
1-0: Called Strike
1-1: Fly out, F7 (Flyball, 78M, EV 83.8 MPH)
Batting: LHB Greg Guin 0-0: Called Strike
0-1: Swinging Strike
0-2: SINGLE (Groundball, 4MD, EV 103.1 MPH)
Batting: RHB Thomas Dimino 0-0: Swinging Strike
0-1: Ball
1-1: Ball
2-1: Ball
3-1: Fielders Choice at 2nd, 6-4 (Groundball, 6, EV 76.9 MPH)
Batting: LHB Manuel Vigil 0-0: SINGLE (Line Drive, 34D, EV 96.3 MPH)
Thomas Dimino to second
Runner from 2nd tries for 3rd, SAFE, no throw by RF
Batting: SHB Luis Rivera 0-0: Ball
1-0: Ball
2-0: Ball
3-0: Called Strike
3-1: Fly out, F7 (Flyball, 7S, EV 87.5 MPH)
Top of the 5th over - 0 runs, 2 hits, 0 errors, 2 left on base; Watertown 0 - Aberdeen 1
BOTTOM OF THE 5TH
Aberdeen Pheasants batting - Pitching for Watertown Bucks : RHP Tony Valenzuela
Batting: RHB Greg Howe 0-0: Ball
1-0: Swinging Strike
1-1: Swinging Strike
1-2: Ball
2-2: Ball
3-2: Strikes out swinging
Batting: LHB Sergio Leija 0-0: Foul Ball, location: 2F
0-1: Ground out U3 (Groundball, 3, EV 76.9 MPH)
Batting: LHB Robert McNair 0-0: Reached on error, E1 (Groundball, 13, EV 61.9 MPH)
Batting: RHB Harry McCulla 0-0: Ball
1-0: Foul Ball, location: 2F
1-1: Ball
2-1: Foul Ball, location: 2F
2-2: Fly out, F9 (Flyball, 9, EV 90.6 MPH)
Bottom of the 5th over - 0 runs, 0 hits, 1 error, 1 left on base; Watertown 0 - Aberdeen 1
TOP OF THE 6TH
Watertown Bucks batting - Pitching for Aberdeen Pheasants : RHP Mark Knudson
Batting: RHB Robert Tanzi 0-0: Called Strike
0-1: Ball
1-1: Fly out, F9 (Flyball, 89D, EV 96.3 MPH)
Batting: RHB Randy Hunt 0-0: Ball
1-0: Ball
2-0: Called Strike
2-1: Ball
3-1: Base on Balls
Batting: RHB Richard Plautz 0-0: Ball
1-0: Ball
2-0: Fielders Choice at 2nd, 6-4 (Groundball, 6, EV 91.3 MPH)
Batting: LHB Bryan Neal 0-0: Ball
1-0: Swinging Strike
1-1: Ball
2-1: Ball
3-1: Fly out, F3 (Popup, 3F, EV 73.8 MPH)
Top of the 6th over - 0 runs, 0 hits, 0 errors, 1 left on base; Watertown 0 - Aberdeen 1
BOTTOM OF THE 6TH
Aberdeen Pheasants batting - Pitching for Watertown Bucks : RHP Tony Valenzuela
Batting: RHB Pedro Chavez 0-0: Called Strike
0-1: Ball
1-1: Foul Ball, location: 2F
1-2: Fly out, F4 (Flyball, 3D, EV 89.4 MPH)
Batting: RHB Alejandro Luna 0-0: Called Strike
0-1: Foul Ball, location: 2F
0-2: Ball
1-2: Foul Ball, location: 2F
1-2: Ball
2-2: Foul Ball, location: 2F
2-2: Ground out 6-3 (Groundball, 6S, EV 67.5 MPH)
Batting: RHB Armando Ramirez 0-0: Foul Ball, location: 2F
0-1: Called Strike
0-2: Ball
1-2: Ball
2-2: Strikes out looking
Bottom of the 6th over - 0 runs, 0 hits, 0 errors, 0 left on base; Watertown 0 - Aberdeen 1
TOP OF THE 7TH
Watertown Bucks batting - Pitching for Aberdeen Pheasants : RHP Mark Knudson
Batting: RHB Eugene Cattane 0-0: Ball
1-0: Ground out 4-3 (Groundball, 4, EV 78.1 MPH)
Batting: LHB Greg Guin 0-0: Ground out 6-3 (Groundball, 56S, EV 85.0 MPH)
Batting: RHB Thomas Dimino 0-0: Foul Ball, location: 2F
0-1: Foul Ball, location: 2F
0-2: Ball
1-2: Strikes out swinging
Top of the 7th over - 0 runs, 0 hits, 0 errors, 0 left on base; Watertown 0 - Aberdeen 1
BOTTOM OF THE 7TH
Aberdeen Pheasants batting - Pitching for Watertown Bucks : RHP Tony Valenzuela
Batting: RHB Diego Martinez 0-0: Called Strike
0-1: Ball
1-1: Foul Ball, location: 2F
1-2: Foul Ball, location: 2F
1-2: Fly out, F8 (Line Drive, 8LD, EV 105.6 MPH)
Batting: LHB Bob Porter 0-0: Called Strike
0-1: Ball
1-1: Ground out 6-3 (Groundball, 6D, EV 100.0 MPH)
Batting: RHB Greg Howe 0-0: Swinging Strike
0-1: Ball
1-1: Foul Ball, location: 2F
1-2: Ball
2-2: Foul Ball, location: 2F
2-2: Ball
3-2: Ground out 6-3 (Groundball, 6, EV 83.8 MPH)
Bottom of the 7th over - 0 runs, 0 hits, 0 errors, 0 left on base; Watertown 0 - Aberdeen 1
TOP OF THE 8TH
Watertown Bucks batting - Pitching for Aberdeen Pheasants : RHP Mark Knudson
Now in LF: Rick Leach
Batting: LHB Manuel Vigil 0-0: DOUBLE (Flyball, 89XD, EV 95.0 MPH)
Pinch Hitting: RHB Sebastiano Borriello 0-0: Ball
1-0: Called Strike
1-1: Ball
2-1: Bunted foul
2-2: Foul Ball, location: 2F
2-2: Ball
3-2: TRIPLE (Flyball, 89XD, EV 92.5 MPH)
Manuel Vigil scores
Batting: RHB Robert Tanzi 0-0: Ball
1-0: Swinging Strike
1-1: Ball
2-1: Ball
3-1: Foul Ball, location: 2F
3-2: Base on Balls
Batting: RHB Randy Hunt 0-0: Ball
1-0: Foul Ball, location: 2F
1-1: Ball
2-1: Fly out, F7 (Line Drive, 7, EV 88.8 MPH)
Runner from 3rd tags up, OUT at HOME! 7-2
Robert Tanzi to second
Batting: RHB Richard Plautz 0-0: Called Strike
0-1: Ball
1-1: Reached via error on a dropped throw from 2B, E3 (Groundball, 4M, EV 83.1 MPH)
Robert Tanzi to third
Batting: LHB Bryan Neal 0-0: Called Strike
0-1: Ball
1-1: Foul Ball, location: 2F
1-2: Ball
2-2: Ball
Richard Plautz steals 2nd, throwing error, E2
Robert Tanzi scores
Richard Plautz to third
3-2: Intentional Walk
Batting: RHB Eugene Cattane 0-0: DOUBLE (Groundball, 5L, EV 101.9 MPH)
Richard Plautz scores
Bryan Neal to third
Runner from 3rd tries for Home, SAFE, throw by LF to trailing runner, SAFE at third!
Batting: LHB Greg Guin 0-0: Intentional Walk
Batting: RHB Thomas Dimino 0-0: Ball
1-0: Ball
2-0: Foul Ball, location: 2F
2-1: Fly out, F6 (Popup, 6D, EV 50.6 MPH)
Top of the 8th over - 4 runs, 3 hits, 2 errors, 2 left on base; Watertown 4 - Aberdeen 1
BOTTOM OF THE 8TH
Aberdeen Pheasants batting - Pitching for Watertown Bucks : RHP Tony Valenzuela
Now at 2B: Marvin Clack
Batting: LHB Rick Leach 0-0: Ball
1-0: Foul Ball, location: 2F
1-1: Called Strike
1-2: Ground out 4-3 (Groundball, 4, EV 91.3 MPH)
Batting: LHB Robert McNair 0-0: Called Strike
0-1: SINGLE (Line Drive, 5D, EV 107.5 MPH)
Batting: RHB Harry McCulla 0-0: Fly out, F8 (Line Drive, 8RD, EV 91.3 MPH)
Pitching: RHP Randy Graham
Batting: RHB Pedro Chavez 0-0: Fielders Choice at 2nd, 5-4 (Groundball, 56, EV 83.1 MPH)
Bottom of the 8th over - 0 runs, 1 hit, 0 errors, 1 left on base; Watertown 4 - Aberdeen 1
TOP OF THE 9TH
Watertown Bucks batting - Pitching for Aberdeen Pheasants : RHP Mark Knudson
Pitching: LHP Juan Contreras
Batting: LHB Manuel Vigil 0-0: Ball
1-0: Foul Ball, location: 2F
1-1: Foul Ball, location: 2F
1-2: Ball
2-2: Ball
3-2: Base on Balls
Batting: SHB Marvin Clack 0-0: Ball
1-0: Fly out, F8 (Line Drive, 8LM, EV 85.0 MPH)
Batting: RHB Robert Tanzi 0-0: Ball
Pickoff Throw to First - Error! E1
Manuel Vigil to second
1-0: Foul Ball, location: 2F
1-1: Swinging Strike
1-2: Strikes out looking
Batting: RHB Randy Hunt 0-0: Ball
1-0: Swinging Strike
1-1: Swinging Strike
1-2: Strikes out swinging
Top of the 9th over - 0 runs, 0 hits, 1 error, 1 left on base; Watertown 4 - Aberdeen 1
BOTTOM OF THE 9TH
Aberdeen Pheasants batting - Pitching for Watertown Bucks : RHP Randy Graham
Batting: RHB Alejandro Luna 0-0: Called Strike
0-1: Ball
1-1: Called Strike
1-2: Strikes out swinging
Batting: RHB Armando Ramirez 0-0: Ball
1-0: Called Strike
1-1: Foul Ball, location: 2F
1-2: Ball
2-2: Foul Ball, location: 2F
2-2: Strikes out swinging
Batting: RHB Diego Martinez 0-0: Ball
1-0: Foul Ball, location: 2F
1-1: Ball
2-1: Fly out, F8 (Flyball, 8RM, EV 90.6 MPH)
Bottom of the 9th over - 0 runs, 0 hits, 0 errors, 0 left on base; Watertown 4 - Aberdeen 1
Wednesday, August 12th, 2020 - OOTP Baseball 21.5 Build 76